 Dungeon Sprint DCSS version 0.20-a0-1058-g0491fde (webtiles) character file.

29780 lordofpotatos the Unseen (level 13, -11/95 HPs)
             Began as a Gargoyle Fighter on Apr 26, 2017.
             Was an Elder of Makhleb.
             Killed from afar by Tekh the pandemonium lord (47 damage)
             ... with a great blast of fire
             ... in the Dungeon (Sprint V: "Ziggurat Sprint").
             The game lasted 00:24:28 (1507 turns).

lordofpotatos the Unseen (Gargoyle Fighter)         Turns: 1507, Time: 00:24:33

Health: -11/95     AC: 46    Str: 36    XL:     13   Next: 47%
Magic:  0/25       EV:  9    Int: 14    God:    Makhleb [****..]
Gold:   0          SH:  0    Dex:  9    Spells: 12/12 levels left

rFire    . . .     SeeInvis .   j - +10 dark maul {crush}
rCold    + . .     Gourm    .   (shield currently unavailable)
rNeg     + . .     Faith    .   l - +15 Maxwell's patent armour {-Cast -Tele rElec MR+ rCorr}
rPois    ∞         Spirit   +   (no helmet)
rElec    +         Reflect  .   (no cloak)
rCorr    +         Harm     .   n - +3 pair of gauntlets of War {Slay+5}
MR       +....     NoTele   +   (no boots) Stlth ++........NoCast +
                                d - amulet of Toadwu {Spirit rC+ Int+4}
Regen    0.3/turn               A - +6 ring of strength
MPRegen  0.2/turn               B - +6 ring of strength

@: studying Bows
A: negative energy resistance 1, electricity resistance, unbreathing,
petrification resistance, rot immunity, AC +9
a: Minor Destruction, Lesser Servant of Makhleb, Major Destruction, Renounce
Religion


You were in the Dungeon.
You worshipped Makhleb.
Makhleb was greatly pleased with you.
You were not hungry.

You visited 1 branch

Inventory:

Hand Weapons
 j - the +10 dark maul (weapon) {crush}
   (You found it in the Dungeon)

   It inflicts extra damage upon your enemies.
Armour
 l - the +15 Maxwell's patent armour (worn) {-Cast -Tele rElec MR+ rCorr}
   (You found it in the Dungeon)

   It insulates you from electricity.
   It affects your resistance to hostile enchantments.
   It prevents spellcasting.
   It prevents most forms of teleportation.
   It protects you from acid and corrosion.
 n - the +3 pair of gauntlets of War (worn) {Slay+5}
   (You found it in the Dungeon)

   It affects your accuracy and damage with ranged weapons and melee attacks
   (+5).
Jewellery
 d - the amulet of Toadwu (around neck) {Spirit rC+ Int+4}
   (You found it in the Dungeon)

   [amulet of guardian spirit]

   It causes incoming damage to be split between your health and magic.
   It affects your intelligence (+4).
   It protects you from cold.
 p - the amulet "Tenis" {Spirit rC- Int+6}
   (You found it in the Dungeon)

   [amulet of guardian spirit]

   It causes incoming damage to be split between your health and magic.
   It affects your intelligence (+6).
   It makes you vulnerable to cold.
 A - a +6 ring of strength (left hand)
 B - a +6 ring of strength (right hand)
Scrolls
 o - 2 scrolls of brand weapon
 s - 5 scrolls of remove curse
Potions
 a - 2 potions of brilliance
 b - 2 potions of invisibility
 c - 2 potions of might
 e - 9 potions of curing
 f - 2 potions of heal wounds
 g - 5 potions of haste
 h - 7 potions of magic
 k - 4 potions of resistance
 m - 5 potions of agility
Books
 i - a manual of Bows
Comestibles
 u - 42 fruits
 v - 3 meat rations


   Skills:
 + Level 16.9 Fighting
 + Level 15.4 Maces & Flails
 + Level 16.9 Armour
 + Level 18.1 Stealth
   Level 3.2 Shields
 - Level 2.0 Unarmed Combat
 + Level 16.7 Invocations


You had 12 spell levels left.
You didn't know any spells.

Dungeon Overview and Level Annotations

Branches:
Dungeon (1/1)

Altars:
Ashenzari
Cheibriados
Dithmenos
Elyvilon
Fedhas
Gozag
Hepliaklqana
Kikubaaqudgha
Makhleb
Nemelex Xobeh
Okawaru
Qazlal
Ru
Sif Muna
Trog
Uskayaw
Vehumet
Wu Jian
Xom
Yredelemnul
Zin
The Shining One
Beogh
Jiyva
Lugonu


Innate Abilities, Weirdness & Mutations

You are resistant to torment.
Your stone body is resilient. (AC +9)
You are immune to poison.
You resist negative energy. (rN+)
You are resistant to electric shocks. (rElec)
You can survive without breathing.
You are immune to petrification.
You are immune to rotting.


Message History

A ynoxinul and a rust devil come into view.
You feel better.
The sixfirhy hits your balrug but does no damage.
Your Executioner completely misses Holoyrpho.
Your Executioner closely misses Holoyrpho.
Your Executioner completely misses Holoyrpho.
The sixfirhy hits your balrug. The sixfirhy shocks your balrug!
Your Executioner barely misses Holoyrpho.
Your Executioner hits Holoyrpho but does no damage.
Your Executioner completely misses Holoyrpho.
The green death hits your blizzard demon!
Your blizzard demon hits the green death.
Your blizzard demon hits the green death!
The sixfirhy hits your balrug. The sixfirhy shocks your balrug!
Jagiuc hits you!!
You feel a strange sense of stasis. Holoyrpho hits your Executioner!
Your Executioner's magic leaks into the air.
Tekh gestures at you.
A raging storm of fire appears!
The great blast of fire engulfs you!
You die...

▓.............▓.........
▓....64434....▓.........
▓....3.&&.....▓.........
▓...22&21.....▓..▓.....▓
▓......&..4...▓.▓▓▓)..▓▓
▓..▓...22..▓..▓))▓))...▓
▓......2.2....▓..)).)...
▓......&......▓▓▓▓▓▓▓▓▓▓
▓......@......▓....8©8..
▓▓▓▓▓▓▓▓▓▓▓▓▓▓▓...[||:.:
▓..."|..}) ▓.........
▓......... ▓.........
▓......... ▓..▓...".▓
▓.▓▓▓...▓▓


You could see Esiatsai, Holoyrpho, Jagiuc, Tekh, Ywiow, a green death, a
torturous black sun, a hellwing, an ice devil, a rust devil, a sixfirhy, a
tormentor, a ynoxinul, a chaos spawn, 2 friendly cacodemons, a friendly balrug
(confused), a friendly green death, a friendly Executioner and a friendly
blizzard demon.

Vanquished Creatures
  A greater mummy (D)
  A draconian monk (D)
  A purple draconian (D)
  3 black draconians (D)
  2 red draconians (D)
  4 yellow draconians (D)
  3 white draconians (D)
  A dancing weapon (D)
  A wretched star (D)
  2 deep elf knights (D)
  An ugly thing (D)
  A gargoyle (D)
  A rime drake (D)
  A freezing wraith (D)
  A komodo dragon (D)
  A guardian mummy (D)
  An ice devil (D)
  A hellwing (D)
  A polar bear (D)
  A large abomination (D)
  3 air elementals (D)
  A yak (D)
  A spriggan (D)
  A neqoxec (D)
  8 insubstantial wisps (D)
  A water moccasin (D)
  An ice beast (D)
  2 black bears (D)
  A wolf (D)
  3 bullfrogs (D)
  5 earth elementals (D)
  2 crimson imps (D)
  2 mummies (D)
  2 ufetubi (D)
  2 adder zombies (D)
64 creatures vanquished.

Vanquished Creatures (collateral kills)
  A bone dragon (D)
  A reaper (D)
  A lorocyproca (D)
  An ice dragon (D)
  A skeletal warrior (D)
  A necromancer (D)
  A harpy (shapeshifter) (D)
  A wolf spider (shapeshifter) (D)
  An ugly thing (D)
  A shining eye (D)
  A cyclops (D)
  A guardian serpent (shapeshifter) (D)
  An eye of devastation (shapeshifter) (D)
  An ice devil (D)
  3 merfolk (D)
  A wind drake (shapeshifter) (D)
  A raiju (D)
  3 hippogriffs (D)
  3 flying skulls (D)
  A spriggan (shapeshifter) (D)
  A shadow (D)
  A wraith (D)
  A yak (shapeshifter) (D)
  A neqoxec (D)
  An insubstantial wisp (D)
  A small abomination (D)
  2 centaurs (D)
  A crimson imp (D)
  An iron imp (D)
  4 mummies (D)
  3 white imps (D)
  2 ufetubi (D)
  A bat skeleton (D)
  A bat zombie (D)
  A jackal zombie (D)
  A leopard gecko skeleton (D)
  A quokka simulacrum (D)
  A quokka skeleton (D)
51 creatures vanquished.

Vanquished Creatures (others)
  An acid blob (D)
  An azure jelly (D)
  Snorg (D)
  Josephine (D)
  4 death oozes (D)
  A spatial maelstrom (D)
  Blork the orc (D)
  Dowan (D)
  Jessica (D)
12 creatures vanquished.

Grand Total: 127 creatures vanquished

Notes
Turn   | Place    | Note
-------+----------+-------------------------------------------
     0 | D        | lordofpotatos the Gargoyle Fighter began the quest for the Orb.
     0 | D        | Reached XP level 1. HP: 14/14 MP: 1/1
    12 | D        | Found a blossoming altar of Fedhas.
    13 | D        | Found a deep blue altar of Sif Muna.
    13 | D        | Found a sacrificial altar of Ru.
    13 | D        | Found a bloodstained altar of Trog.
    13 | D        | Found a stormy altar of Qazlal.
    13 | D        | Found an iron altar of Okawaru.
    13 | D        | Found a sparkling altar of Nemelex Xobeh.
    15 | D        | Found an ancient bone altar of Kikubaaqudgha.
    15 | D        | Found a viscous altar of Jiyva.
    15 | D        | Found a corrupted altar of Lugonu.
    15 | D        | Found a hazy altar of Hepliaklqana.
    15 | D        | Found a burning altar of Makhleb.
    15 | D        | Found an opulent altar of Gozag.
    22 | D        | Banished a spatial maelstrom
    34 | D        | Killed Josephine
    64 | D        | Became a worshipper of Makhleb the Destroyer
    88 | D        | Reached skill level 3 in Stealth
    88 | D        | Reached XP level 2. HP: 20/20 MP: 1/4
    95 | D        | Entered arena 2.
    95 | D        | Noticed a neqoxec
    95 | D        | Noticed a hellwing
   100 | D        | Killed a neqoxec
   100 | D        | Reached skill level 5 in Stealth
   100 | D        | Reached skill level 5 in Invocations
   100 | D        | Reached XP level 3. HP: 27/27 MP: 2/6
   100 | D        | Reached XP level 4. HP: 32/32 MP: 2/7
   100 | D        | Reached XP level 5. HP: 36/36 MP: 2/8
   102 | D        | Killed a hellwing
   102 | D        | Reached * piety under Makhleb
   102 | D        | Reached skill level 7 in Stealth
   102 | D        | Reached XP level 6. HP: 44/44 MP: 2/11
   172 | D        | Entered arena 3.
   172 | D        | Noticed a deep elf knight
   172 | D        | Noticed a mace of draining
   172 | D        | Noticed a deep elf knight
   174 | D        | Killed a mace of draining
   174 | D        | Reached skill level 9 in Stealth
   174 | D        | Reached XP level 7. HP: 51/51 MP: 11/13
   174 | D        | Reached XP level 8. HP: 56/56 MP: 11/14
   179 | D        | Killed a deep elf knight
   179 | D        | Reached skill level 10 in Fighting
   179 | D        | Reached skill level 10 in Armour
   179 | D        | Reached skill level 10 in Stealth
   181 | D        | Killed a deep elf knight
   181 | D        | Reached ** piety under Makhleb
   181 | D        | Reached skill level 10 in Invocations
   181 | D        | Reached XP level 9. HP: 24/63 MP: 13/16
   365 | D        | Killed an azure jelly
   371 | D        | Entered arena 4.
   372 | D        | Killed a death ooze
   376 | D        | Reached skill level 11 in Stealth
   378 | D        | Reached *** piety under Makhleb
   396 | D        | Entered arena 5.
   408 | D        | Reached **** piety under Makhleb
   438 | D        | Entered arena 6.
   442 | D        | Reached skill level 10 in Maces & Flails
   448 | D        | Reached ***** piety under Makhleb
   463 | D        | Entered arena 7.
   463 | D        | Noticed a komodo dragon
   466 | D        | Reached XP level 10. HP: 70/70 MP: 18/18
   467 | D        | Reached skill level 12 in Stealth
   487 | D        | Entered arena 8.
   487 | D        | Noticed a gargoyle
   491 | D        | Killed a gargoyle
   497 | D        | Reached ****** piety under Makhleb
   504 | D        | Got the amulet "Tenis" {Spirit rC- Int+6}
   515 | D        | Killed a death ooze
   621 | D        | Entered arena 9.
   651 | D        | Entered arena 10.
   658 | D        | Reached skill level 13 in Stealth
   668 | D        | Got the ring "Acequugen" {Fire Str+4}
   685 | D        | Entered arena 11.
   685 | D        | Noticed a cyclops
   695 | D        | Reached XP level 11. HP: 41/77 MP: 15/20
   702 | D        | Killed a cyclops
   784 | D        | Entered arena 12.
   784 | D        | Noticed a shining eye
   784 | D        | Noticed a cyan ugly thing
   784 | D        | Noticed an anaconda
   784 | D        | a shining eye changed into an anaconda
   785 | D        | Noticed a shining eye
   785 | D        | Noticed a white ugly thing
   785 | D        | Noticed a great orb of eyes
   785 | D        | a slime creature changed into a great orb of eyes
   785 | D        | an anaconda changed into an eye of devastation
   786 | D        | Noticed a manticore
   786 | D        | an eye of devastation changed into a manticore
   787 | D        | a manticore changed into a torpor snail
   788 | D        | Noticed a swamp dragon
   788 | D        | a torpor snail changed into a swamp dragon
   789 | D        | a swamp dragon changed into a floating eye
   790 | D        | Killed a white ugly thing
   792 | D        | Noticed a death drake
   792 | D        | a snapping turtle changed into a death drake
   792 | D        | Paralysed by a floating eye for 3 turns
   793 | D        | Noticed a fire crab
   793 | D        | a floating eye changed into a fire crab
   794 | D        | Noticed an ettin
   794 | D        | a great orb of eyes changed into an ettin
   794 | D        | Killed a shining eye
   795 | D        | Killed a red ugly thing
   795 | D        | Reached skill level 14 in Stealth
   795 | D        | Noticed a wolf spider
   795 | D        | an ettin changed into a wolf spider
   795 | D        | Noticed a fire crab
   795 | D        | a death drake changed into a fire crab
   795 | D        | a fire crab changed into a wind drake
   795 | D        | Killed a wolf spider
   797 | D        | a fire crab changed into a spriggan
   797 | D        | Noticed a moth of wrath
   797 | D        | a torpor snail changed into a moth of wrath
   798 | D        | Noticed a harpy
   798 | D        | a wind drake changed into a harpy
   798 | D        | Noticed a lindwurm
   798 | D        | a moth of wrath changed into a lindwurm
   799 | D        | Noticed a moth of wrath
   799 | D        | a lindwurm changed into a moth of wrath
   800 | D        | Killed a harpy
   801 | D        | Noticed a glowing orange brain
   801 | D        | a moth of wrath changed into a glowing orange brain
   802 | D        | a glowing orange brain changed into an eye of devastation
   817 | D        | Got the ring "Ceutujae" {rF+ Dex+5}
   841 | D        | Killed Dowan
   876 | D        | Entered arena 13.
   876 | D        | Noticed a greater mummy
   886 | D        | Noticed a jiangshi
   886 | D        | Noticed a flayed ghost
   895 | D        | Killed a greater mummy
   895 | D        | Reached skill level 15 in Stealth
   895 | D        | Reached XP level 12. HP: 69/86 MP: 15/22
   908 | D        | Got the ring "Ido Maze" {rPois MR+ MP+9 Int+4}
   915 | D        | Killed a death ooze
   961 | D        | Killed Blork the orc
  1015 | D        | Killed an acid blob
  1041 | D        | Killed Snorg
  1045 | D        | Killed Jessica
  1058 | D        | Killed a death ooze
  1059 | D        | Entered arena 14.
  1069 | D        | Noticed an ice dragon
  1070 | D        | Noticed a reaper
  1079 | D        | Killed an ice dragon
  1081 | D        | Killed a reaper
  1097 | D        | Got the ring "Urokkit" {Fire Dex+2}
  1110 | D        | Entered arena 15.
  1111 | D        | Noticed a wretched star
  1111 | D        | Noticed a bone dragon
  1121 | D        | Killed a lorocyproca
  1133 | D        | Killed a bone dragon
  1133 | D        | Reached skill level 15 in Fighting
  1133 | D        | Reached skill level 15 in Armour
  1133 | D        | Reached skill level 16 in Stealth
  1135 | D        | Reached skill level 15 in Invocations
  1137 | D        | Killed a wretched star
  1153 | D        | Got the amulet of Toadwu {Spirit rC+ Int+4}
  1155 | D        | Got the amulet "Ewaysoish" {Gourm +Blink MR+ Str+2 Dex-2}
  1298 | D        | Entered arena 16.
  1311 | D        | Noticed a yellow draconian
  1311 | D        | Noticed a yellow draconian monk
  1311 | D        | Noticed a yellow draconian
  1311 | D        | Noticed a purple draconian
  1311 | D        | Noticed a yellow draconian
  1311 | D        | Noticed a black draconian
  1311 | D        | Noticed a black draconian
  1312 | D        | Noticed a white draconian
  1312 | D        | Noticed a red draconian
  1312 | D        | Noticed a black draconian
  1314 | D        | Noticed a white draconian
  1314 | D        | Noticed a yellow draconian
  1315 | D        | Noticed a red draconian
  1316 | D        | Noticed a white draconian
  1326 | D        | Killed a black draconian
  1329 | D        | Killed a red draconian
  1334 | D        | Killed a yellow draconian monk
  1335 | D        | Killed a black draconian
  1338 | D        | Killed a red draconian
  1338 | D        | Reached skill level 17 in Stealth
  1350 | D        | Killed a yellow draconian
  1350 | D        | Reached XP level 13. HP: 57/93 MP: 6/24
  1352 | D        | Killed a white draconian
  1354 | D        | Killed a white draconian
  1355 | D        | Killed a black draconian
  1355 | D        | Reached skill level 15 in Maces & Flails
  1356 | D        | Killed a yellow draconian
  1359 | D        | Killed a white draconian
  1365 | D        | Killed a yellow draconian
  1367 | D        | Killed a yellow draconian
  1367 | D        | Reached skill level 18 in Stealth
  1370 | D        | Killed a purple draconian
  1491 | D        | Entered arena 17.
  1500 | D        | Noticed a torturous black sun
  1500 | D        | Noticed Esiatsai the pandemonium lord
  1500 | D        | Noticed Holoyrpho the pandemonium lord
  1500 | D        | Noticed a green death
  1500 | D        | Noticed Jagiuc the pandemonium lord
  1501 | D        | Noticed Ywiow the pandemonium lord
  1501 | D        | Noticed Tekh the pandemonium lord
  1507 | D        | Killed from afar by Tekh the pandemonium lord

Vault maps used:
D:        sprint_v

Skill      XL: |  1  2  3  4  5  6  7  8  9 10 11 12 13 |
---------------+----------------------------------------+-----
Fighting       | 4 6 7 9 10 11 12 14 16 | 16.9
Maces & Flails | 3 4 6 7 9 10 11 13 14 15 | 15.4
Armour         | 4 6 7 9 10 11 12 14 16 | 16.9
Stealth        | 3 5 7 9 10 11 13 15 17 18 | 18.1
Invocations    | 3 5 6 8 10 11 12 14 15 16 | 16.7
Shields        | |  3.2
Unarmed Combat | |  2.0

Action                   |  1- 3 |  4- 6 |  7- 9 | 10-12 | 13-15 || total
-------------------------+-------+-------+-------+-------+-------++-------
Melee: Maul              |     4 |     3 |    32 |    66 |    15 ||   120
Invok: Lesser Servant of |       |       |       |    26 |       ||    26
       Greater Servant o |       |       |       |    10 |     6 ||    16
       Minor Destruction |       |       |       |     1 |       ||     1
       Major Destruction |       |       |       |     1 |       ||     1
  Use: Potion            |     2 |     1 |     3 |     9 |     4 ||    19
  Eat: Meat ration       |       |       |       |     1 |       ||     1
Armor: Plate armour      |     8 |     3 |   141 |   175 |    55 ||   382
Dodge: Dodged            |     4 |     4 |    42 |    81 |    17 ||   148
